 Dungeon Crawl Stone Soup version 0.30.1-4-g462c640d31 (webtiles) character file.

Game seed: 265911668324804527

92757 Gabide the Destroyer (level 15, -8/118 (123) HPs)
             Began as a Demigod Earth Elementalist on Sept 14, 2023.
             Mangled by a sun demon (17 damage)
             ... summoned by an orc high priest
             ... on level 2 of the Orcish Mines on Sept 15, 2023.
             The game lasted 01:15:35 (37930 turns).

Gabide the Destroyer (Demigod Earth Elementalist)  Turns: 37930, Time: 01:15:35

HP:   -8/118 (123)  AC: 11    Str:  9    XL:     15   Next: 16%
MP:   1/45          EV: 13    Int: 43    God:
Gold: 1189          SH:  0    Dex: 14    Spells: 4/38 levels left

rFire   . . .        a - +3 short sword (speed)
rCold   . . .        (no shield)
rNeg    . . .        A - +7 ring mail of the Fife {rElec}
rPois   .            X - +0 helmet
rElec   +            v - +2 cloak {Will+}
rCorr   .            z - +1 pair of gloves {Stlth+}
SInv    .            O - +2 pair of boots {Stlth+}
Will    ++...        (no amulet)
Stlth   ++++         W - +6 ring of intelligence
HPRegen 0.39/turn    F - ring of magical power
MPRegen 0.29/turn

%: no passive effects
@: corroded, studying Ranged Weapons, lightly drained
A: high MP 1, forlorn, divine attributes
a: no special abilities


You were on level 2 of the Orcish Mines.
You visited 4 branches of the dungeon, and saw 23 of its levels.
You also visited: Sewer and Gauntlet.

You collected 2508 gold pieces.
You spent 1319 gold pieces at shops.

Inventory:

Hand Weapons
 a - a +3 short sword of speed (weapon)
Missiles
 J - 2 throwing nets
Armour
 v - a +2 cloak of willpower (worn)
 z - a +1 pair of gloves of stealth (worn)
 A - the +7 ring mail of the Fife (worn) {rElec}
   (You found it on level 6 of the Dungeon)

   rElec:     It insulates you from electricity.
 O - a +2 pair of boots of stealth (worn)
 X - a +0 helmet (worn)
Jewellery
 i - a ring of wizardry
 m - a ring of wizardry
 s - a ring of fire
 y - a +6 ring of intelligence
 F - a ring of magical power (right hand)
 L - a ring of protection from cold
 P - the ring "Neadap" {rPois rF+ rN++ Will- Dex+2}
   (You found it in a Gauntlet)

   [ring of protection from fire]

   Dex:       It affects your dexterity (+2).
   rF:        It protects you from fire.
   rPois:     It protects you from poison.
   rN:        It greatly protects you from negative energy.
   Will:      It decreases your willpower.
 Q - a ring of willpower
 W - a +6 ring of intelligence (left hand)
Wands
 d - a wand of iceblast (3)
 e - a wand of flame (8)
 C - a wand of polymorph (4)
 D - a wand of paralysis (17)
 Y - a wand of mindburst (4)
Scrolls
 b - 5 scrolls of amnesia
 c - 3 scrolls of fear
 k - a scroll of butterflies
 n - 4 scrolls of brand weapon
 r - 7 scrolls of teleportation
 t - 5 scrolls of fog
 u - 6 scrolls of immolation
 w - 5 scrolls of vulnerability
 B - a scroll of blinking
 H - 2 scrolls of magic mapping
 N - 7 scrolls of identify
 R - 4 scrolls of silence
 V - 2 scrolls of poison
Potions
 g - a potion of cancellation
 h - 4 potions of heal wounds
 j - 5 potions of attraction
 l - 9 potions of flight
 o - 2 potions of mutation
 p - a potion of might
 q - 3 potions of resistance
 x - 5 potions of brilliance
 I - 2 potions of lignification
 Z - 2 potions of curing
Miscellaneous
 E - a phantom mirror
 G - a phial of floods
 M - a box of beasts


   Skills:
 + Level 8.8 Fighting
 - Level 3.0 Short Blades
 - Level 6.0 Armour
 + Level 8.8 Dodging
 - Level 6.0 Stealth
 - Level 12.0 Spellcasting
 - Level 12.0 Conjurations
 - Level 6.0 Transmutations
 - Level 12.0 Earth Magic


You had 4 spell levels left.
You knew the following spells:

 Your Spells              Type           Power      Damage    Failure   Level
a - Sandblast             Erth           100%       2d20      1%          1
b - Stone Arrow           Conj/Erth      100%       3d13      1%          3
c - Petrify               Tmut/Erth      80%        N/A       1%          4
d - Passwall              Tmut/Erth      66%        N/A       1%          2
e - Iron Shot             Conj/Erth      45%        9d9       3%          6
f - Animate Armour        Summ/Erth      100%       N/A       2%          4
g - Leda's Liquefaction   Hex/Erth       33%        N/A       2%          4
h - Irradiate             Conj/Tmut      40%        3d25      1%          5
i - Lee's Rapid Deconstr  Erth           45%        3d22*     1%          5

Your spell library contained the following spells:

 Spells                   Type           Power      Damage    Failure   Level
 Sting                    Tmut/Pois      100%       1d8       1%          1
 Momentum Strike          Conj/Tloc      100%       3d10      1%          2
 Hailstorm                Conj/Ice       67%        3d14      1%          3
 Freeze                   Ice            100%       1d10      2%          1
 Spider Form              Tmut/Pois      51%        N/A       2%          3
 Flame Wave               Conj/Fire      67%        2d15      2%          4
 Sticky Flame             Conj/Fire      67%        2d8       2%          4
 Ignite Poison            Fire/Tmut/Pois 43%        N/A       3%          3
 Blink                    Tloc           50%        N/A       4%          2
 Ensorcelled Hibernation  Hex/Ice        50%        N/A       4%          2
 Lesser Beckoning         Tloc           50%        N/A       4%          2
 Poisonous Vapours        Pois/Air       50%        N/A       4%          2
 Scorch                   Fire           50%        2d7       4%          2
 Call Canine Familiar     Summ           25%        N/A       9%          3
 Frozen Ramparts          Ice            50%        1d8       9%          3
 Portal Projectile        Hex/Tloc       50%        N/A       9%          3
 Vhi's Electric Charge    Tloc/Air       50%        N/A       9%          3
 Anguish                  Hex/Necr       12%        N/A       28%         4
 Manifold Assault         Tloc           25%        N/A       28%         4
 Olgreb's Toxic Radiance  Pois           25%        N/A       28%         4
 Arcjolt                  Conj/Air       33%        1d43      7%          5
 Blade Hands              Tmut           33%        N/A       7%          5
 Statue Form              Tmut/Erth      53%        N/A       11%         6
 Dragon Form              Tmut           33%        N/A       90%         7
 Plasma Beam              Fire/Air       12%        2x1d26    99%         6
 Summon Cactus Giant      Summ           12%        N/A       99%         6
 Storm Form               Tmut/Air       25%        N/A       100%        7
 Ignition                 Fire           12%        3d6       100%        8


Dungeon Overview and Level Annotations

Branches:
Dungeon (15/15)            Temple (1/1) D:5            Lair (5/5) D:11
 Shoals (0/4) Lair:2        Snake (0/4) Lair:2        Slime (0/5) Lair:4
    Orc (2/2) D:12            Elf (0/3) Orc:2        Vaults (0/5) D:13
 Depths (0/4) D:15          Sewer (visited)         Gauntlet (visited)

Shops:
D:11 [   Orc:1 :   Orc:2 ([

Annotations:
D:5 exclusion: moth of wrath
Orc:2 3 runed translucent doors, Jorgrun; Trobe's ghost, journeyman HOFi


Innate Abilities, Weirdness & Mutations

You have an increased reservoir of magic. (+10% MP)
You shall have no god before yourself.
Your divine heritage dramatically boosts your attributes as you level up.


Message History

Press: ? - help, Shift-Dir - straight line, f - rust devil
Aim: a rust devil (summoned, 84% to hit)
Okay, then.
The orc high priest hits you but does no damage.
The rust devil hits you. The rust devil corrodes you!
Casting: Iron Shot (dangerous; 3% risk of failure)
Confirm with . or Enter, or press ? or * to list all spells.
Aiming: Iron Shot (dangerous; 3% risk of failure)
Press: ? - help, Shift-Dir - straight line, f - orc high priest
Aim: an orc high priest, wielding a +0 battleaxe and wearing a +0 leather armour (72% to hit)
The iron shot hits the orc high priest!!!
The orc high priest is almost dead.
The sun demon misses you.
The orc high priest mumbles some strange prayers to Beogh against you.
You resist with almost no effort. The rust devil hits you.
The rust devil corrodes you!
You barely miss the orc high priest.
The orc high priest is almost dead.
The sun demon hits you.
You are engulfed in flames!
The orc knight shouts!
You hit the orc high priest but do no damage.
The orc high priest is almost dead.
The orc high priest hits you with a +0 battleaxe!
The rust devil closely misses you.
The orc knight roars a battlecry!
The orc high priest goes into a battle-frenzy!
You hit the orc high priest but do no damage.
The orc high priest is almost dead.
The sun demon hits you!!
You are engulfed in flames!
* * * LOW HITPOINT WARNING * * *
Unknown command.
As you read the scroll of fear, it crumbles to dust.
You assume a fearsome visage.
The rust devil looks frightened!
The sun demon resists with almost no effort.
The orc high priest resists with some effort.
The orc knight looks frightened!
The orc high priest barely misses you. The sun demon hits you!
* * * LOW HITPOINT WARNING * * *
You are engulfed in flames!
You die...

#...................#...... ###
##.........................
##.#####....................#....
#....#.#...................###.#.
##...[..#..))).[...........####..
###.#......))).)...........##...
###.......[...................
####.............................
))))[[.......)..@3...............
########.......4.o.....o.........
WH#.#oo#...###########)##########
#o?!!W##...# ######.######
#...#.#...# #...........###
.#.###.#.### ...####.####.o.#
.....#.#.# #.# ###..# .##..#W#.#
#.# ).# ....H.T#.# #.# .#


You could see an orc knight (fleeing), an orc high priest (strong), a sun demon
(summoned) and a rust devil (summoned, fleeing).

Vanquished Creatures
  Gastronok (Lair:1)
  Kirke (Lair:4)
  A minotaur (Gauntlet)
  The ghost of infcreate the Fighter, a journeyman BaMo of Okawaru (D:11)
  A green death (Gauntlet)
  2 fire dragons
  An ice dragon (D:15)
  Harold (D:11)
  8 vault guards
  2 catoblepae
  2 two-headed ogres (D:11)
  A death knight (D:10)
  A ghost crab (Gauntlet)
  2 hydras
  3 boulder beetles
  5 centaur warriors
  6 death yaks
  An orc high priest (Orc:2)
  A skyshark (Lair:5)
  Amaemon (Lair:1)
  5 skeletal warriors
  An orb spider (shapeshifter) (D:14)
  A swamp dragon (Lair:5)
  A wizard (D:15)
  6 orc knights
  Pikel (D:8)
  8 cyclopes
  A deep elf pyromancer (D:12)
  A wolf spider (Lair:5)
  5 orc sorcerers
  20 ugly things
  4 manticores
  7 elephants
  11 black mambas
  A water nymph (Lair:2)
  A guardian serpent (Lair:5)
  An orange demon (D:11)
  Maurice (D:11)
  16 cane toads
  An unseen horror (D:10)
  2 gargoyles
  3 yaktaurs (D:15)
  6 komodo dragons
  An efreet (D:15)
  4 rime drakes
  A freezing wraith (D:14)
  An unseen horror (shapeshifter) (D:15)
  A meliai (shapeshifter) (D:15)
  A meliai (D:10)
  A polar bear (D:11)
  2 trolls (D:12)
  4 hornets
  9 blink frogs
  A centaur simulacrum (D:15)
  5 slime creatures (D:15)
  A wraith (D:13)
  A water elemental (D:12)
  5 basilisks
  5 hogs (Lair:4)
  11 wyverns
  32 yaks
  4 steam dragons
  A redback (Lair:5)
  2 vampire mosquitoes (D:15)
  2 swamp worms (Gauntlet)
  10 wargs
  7 nagas (Lair:2)
  Duvessa (D:6)
  21 water moccasins
  3 acid dragons
  A swamp drake (Lair:5)
  3 ice beasts (D:6)
  24 orc warriors
  2 sky beasts
  A black bear (D:6)
  8 ogres
  17 wolves
  5 centaurs (D:14)
  2 phantoms (D:7)
  2 lemures (D:8)
  3 kobold brigands
  2 gnoll sergeants (D:10)
  9 bullfrogs
  A scorpion (D:5)
  Dowan (D:6)
  4 wights (D:9)
  3 killer bees (D:10)
  6 howler monkeys
  4 electric eels
  9 orc priests
  15 jellies
  Crazy Yiuf (D:2)
  5 hounds
  9 iguanas
  3 gnoll boudas
  Terence (D:2)
  38 orc wizards
  A sickly merfolk siren (Sewer)
  8 hell rats
  A malarious merfolk avatar (Sewer)
  21 gnolls
  10 adders
  2 river rats (Sewer)
  2 shadow imps
  4 worms
  4 dart slugs
  74 orcs
  7 endoplasms
  8 giant cockroaches
  9 goblins
  5 hobgoblins
  4 jackals (D:3)
  20 kobolds
  6 quokkas
  8 ball pythons
  6 bats
  7 frilled lizards
  24 rats
693 creatures vanquished.

Notes
Turn   | Place    | Note
-------+----------+-------------------------------------------
     0 | D:1      | Gabide the Demigod Earth Elementalist began the quest for
                  | the Orb.
     0 | D:1      | Reached XP level 1. HP: 14/14 MP: 5/5
    70 | D:1      | Reached skill level 1 in Transmutations
   188 | D:1      | Reached XP level 2. HP: 19/22 MP: 1/7
   962 | D:2      | Noticed Terence
  1567 | D:2      | Reached XP level 3. HP: 24/27 MP: 5/8
  1575 | D:2      | Learned a level 3 spell: Stone Arrow
  1636 | D:2      | Identified the +3 ring mail of the Verdant God {rC+}
  1795 | D:3      | Reached skill level 1 in Conjurations
  1845 | D:3      | Reached skill level 1 in Fighting
  1845 | D:3      | Reached XP level 4. HP: 35/35 MP: 4/9
  3012 | D:3      | Reached XP level 5. HP: 40/40 MP: 8/11
  3392 | D:2      | Found a runed translucent door.
  3393 | D:2      | Noticed Crazy Yiuf
  3400 | D:2      | Killed Crazy Yiuf
  3494 | D:2      | Killed Terence
  3808 | D:4      | Reached XP level 6. HP: 39/48 MP: 6/12
  3880 | D:4      | Identified the +1 war axe of Nuevoawk {heavy, Str+3}
  4398 | D:5      | Entered Level 5 of the Dungeon
  4524 | D:5      | Noticed a moth of wrath
  4672 | D:5      | Found a glowing drain.
  4684 | Sewer    | Entered a sewer
  5407 | D:5      | Found a staircase to the Ecumenical Temple.
  5411 | D:5      | Reached XP level 7. HP: 56/56 MP: 11/14
  5449 | Temple   | Entered the Ecumenical Temple
  5449 | Temple   | Noticed a reaper
  5449 | Temple   | Noticed a sixfirhy
  5449 | Temple   | Noticed a soul eater
  5450 | Temple   | Noticed Yleu the pandemonium lord
  5450 | Temple   | Noticed Ofeteb the pandemonium lord
  5452 | Temple   | Noticed a sixfirhy
  5480 | Temple   | Noticed a ynoxinul
  5480 | Temple   | Noticed Agaaqej the pandemonium lord
  5480 | Temple   | Noticed a shadow demon
  5498 | Temple   | Noticed Qerchyu the pandemonium lord
  5511 | Temple   | Noticed an Ice Fiend
  5511 | Temple   | Noticed a Brimstone Fiend
  5511 | Temple   | Noticed Pipha the pandemonium lord
  5511 | Temple   | Noticed an Ice Fiend
  5527 | Temple   | Noticed Quxalag the pandemonium lord
  6529 | D:6      | Reached XP level 8. HP: 55/63 MP: 2/17
  6749 | D:6      | Reached skill level 5 in Earth Magic
  6965 | D:6      | Identified the +6 mace "Worm's Wrath" {heavy, Dex+2}
  6993 | D:6      | Noticed Duvessa
  6994 | D:6      | Noticed Dowan
  7016 | D:6      | Killed Duvessa
  7020 | D:6      | Killed Dowan
  7286 | D:6      | Identified the +7 ring mail of the Fife {rElec}
  7476 | D:6      | Learned a level 4 spell: Petrify
  8023 | D:7      | Reached skill level 5 in Transmutations
  8134 | D:7      | Reached skill level 5 in Conjurations
  8134 | D:7      | Reached XP level 9. HP: 69/69 MP: 15/20
  8204 | D:7      | Reached skill level 5 in Spellcasting
  9019 | D:8      | You fall into a shaft and drop 1 floor!
  9355 | D:9      | Reached skill level 1 in Short Blades
  9408 | D:9      | Noticed a purple ugly thing
  9415 | D:9      | Killed a purple ugly thing
  9416 | D:9      | Reached skill level 1 in Armour
  9525 | D:9      | Noticed a cyclops
  9528 | D:9      | Killed a cyclops
  9539 | D:9      | Noticed a green ugly thing
  9559 | D:9      | Killed a green ugly thing
  9560 | D:9      | Reached XP level 10. HP: 31/77 MP: 1/22
  9563 | D:9      | Learned a level 2 spell: Passwall
 10156 | D:9      | Noticed a manticore
 10531 | D:8      | Noticed Pikel
 10533 | D:8      | Killed Pikel
 10986 | D:8      | Killed a manticore
 11457 | D:9      | Reached skill level 5 in Fighting
 11457 | D:9      | Reached skill level 5 in Dodging
 11577 | D:10     | Entered Level 10 of the Dungeon
 11947 | D:10     | Noticed a death knight
 11947 | D:10     | Noticed a manticore
 12062 | D:10     | Killed a death knight
 12062 | D:10     | Noticed an orc knight
 12067 | D:10     | Killed an orc knight
 12071 | D:10     | Killed a manticore
 13117 | D:11     | Noticed Maurice
 13123 | D:11     | Killed Maurice
 13305 | D:11     | Found a staircase to the Lair.
 13352 | D:11     | Reached XP level 11. HP: 83/89 MP: 20/24
 13556 | D:11     | Noticed Harold
 13562 | D:11     | Killed Harold
 13664 | D:11     | Noticed a boulder beetle
 13702 | D:11     | Killed a boulder beetle
 13890 | D:11     | Found Bovei's Armour Shop.
 14191 | D:11     | Noticed a two-headed ogre
 14195 | D:11     | Killed a two-headed ogre
 14376 | Lair:1   | Entered Level 1 of the Lair of Beasts
 15077 | Lair:1   | Noticed a catoblepas
 15183 | D:11     | Killed a catoblepas
 15638 | Lair:1   | Noticed Amaemon
 15794 | Lair:1   | Reached XP level 12. HP: 78/96 MP: 19/28
 16022 | Lair:1   | Killed Amaemon
 16201 | Lair:1   | Noticed Gastronok
 16212 | Lair:1   | Killed Gastronok
 16220 | Lair:1   | Learned a level 6 spell: Iron Shot
 16225 | Lair:1   | Learned a level 4 spell: Animate Armour
 16398 | Lair:1   | Noticed infcreate's ghost (journeyman BaMo)
 16405 | Lair:1   | Found a runed translucent gate.
 16405 | Lair:1   | Found a runed translucent gate.
 16405 | Lair:1   | Found a runed translucent gate.
 16772 | D:11     | Killed infcreate's ghost
 17522 | Lair:2   | Noticed a four-headed hydra
 17527 | Lair:1   | Killed a four-headed hydra
 19393 | Lair:2   | Found a staircase to the Snake Pit.
 19401 | Lair:2   | Reached skill level 10 in Conjurations
 19591 | Lair:3   | Reached skill level 10 in Earth Magic
 19798 | Lair:3   | Found a gate leading to a gauntlet.
 19812 | Gauntlet | Entered a Gauntlet
 19812 | Gauntlet | Found a transporter.
 19812 | Gauntlet | Found a transporter.
 19812 | Gauntlet | Found a large runed translucent door.
 19812 | Gauntlet | Found a large runed translucent door.
 19812 | Gauntlet | Found a large runed translucent door.
 19812 | Gauntlet | Found a large runed translucent door.
 19812 | Gauntlet | Found a large runed translucent door.
 19812 | Gauntlet | Found a large runed translucent door.
 19812 | Gauntlet | Found a runed translucent door.
 19812 | Gauntlet | Found a runed translucent door.
 19812 | Gauntlet | Found a large runed translucent door.
 19812 | Gauntlet | Found a large runed translucent door.
 19812 | Gauntlet | Found a large runed translucent door.
 19812 | Gauntlet | Found a large runed translucent door.
 19812 | Gauntlet | Found a large runed translucent door.
 19812 | Gauntlet | Found a large runed translucent door.
 19885 | Gauntlet | Found a transporter.
 19885 | Gauntlet | Found a transporter.
 19905 | Gauntlet | Found a transporter.
 19909 | Gauntlet | Noticed a green death
 19911 | Gauntlet | Found a transporter.
 19913 | Gauntlet | Found a transporter.
 19913 | Gauntlet | Found a transporter.
 19919 | Gauntlet | Found a transporter.
 19919 | Gauntlet | Noticed a ghost crab
 19958 | Gauntlet | Found a large runed translucent door.
 19959 | Gauntlet | Found a large runed translucent door.
 19961 | Gauntlet | Found a runed translucent gate.
 19962 | Gauntlet | Found a runed translucent gate.
 19963 | Gauntlet | Found a runed translucent gate.
 19963 | Gauntlet | Found a transporter.
 19971 | Gauntlet | Found a large runed translucent door.
 19972 | Gauntlet | Found a large runed translucent door.
 19987 | Gauntlet | Found a transporter.
 19998 | Gauntlet | Found a transporter.
 20014 | Gauntlet | Found a transporter.
 20027 | Gauntlet | Found a transporter.
 20116 | Gauntlet | Found a transporter.
 20137 | Gauntlet | Found a transporter.
 20485 | Gauntlet | Killed a ghost crab
 20486 | Gauntlet | Reached skill level 10 in Spellcasting
 20560 | Gauntlet | Identified the staff of fire "Ygekosei" {rF+ Int+2}
 20585 | Gauntlet | Killed a green death
 20854 | Gauntlet | Identified the ring "Neadap" {rPois rF+ rN++ Will- Dex+2}
 20874 | Gauntlet | Noticed a minotaur
 20876 | Gauntlet | Killed a minotaur
 20883 | Gauntlet | Identified the +2 robe of the Morning {Regen+ Str+7 Int-2}
 21403 | Lair:3   | Reached XP level 13. HP: 102/102 MP: 31/31
 21705 | Lair:4   | Noticed Kirke
 21871 | Lair:4   | Killed Kirke
 21985 | Lair:4   | Found a staircase to the Slime Pits.
 22618 | Lair:4   | Learned a level 4 spell: Leda's Liquefaction
 23131 | Lair:5   | Entered Level 5 of the Lair of Beasts
 27406 | D:12     | Reached XP level 14. HP: 110/110 MP: 1/34
 28793 | D:12     | Found a staircase to the Orcish Mines.
 30129 | D:13     | Found a gate to the Vaults.
 31644 | D:14     | Reached skill level 5 in Stealth
 32524 | D:15     | Entered Level 15 of the Dungeon
 32846 | D:15     | Reached skill level 5 in Armour
 33291 | D:15     | Found a staircase to the Depths.
 35018 | Orc:1    | Entered Level 1 of the Orcish Mines
 35265 | Orc:1    | Found Suras's Book Emporium.
 35439 | Orc:1    | Bought a book of Transfigurations for 560 gold pieces
 35439 | Orc:1    | Bought a book of the Earth for 504 gold pieces
 35445 | Orc:1    | Learned a level 5 spell: Irradiate
 35451 | Orc:1    | Learned a level 5 spell: Lee's Rapid Deconstruction
 35653 | Orc:1    | Reached XP level 15. HP: 97/121 MP: 7/36
 35931 | Orc:2    | Entered Level 2 of the Orcish Mines
 36167 | Orc:2    | Found Loimmaj's Antique Armour Boutique.
 36262 | Orc:2    | Bought a pair of glowing gloves for 255 gold pieces
 36374 | Orc:2    | Found Pomimat's Weapon Shop.
 36469 | Orc:2    | Found a staircase to the Elven Halls.
 36487 | Orc:2    | Noticed Trobe's ghost (journeyman HOFi)
 36560 | Orc:2    | Noticed Jorgrun
 36880 | Orc:2    | Found a runed translucent gate.
 36880 | Orc:2    | Found a runed translucent gate.
 36880 | Orc:2    | Found a runed translucent gate.
 37930 | Orc:2    | Mangled by a sun demon

Illustrated notes

Levels and vault maps discovered:
D:1:      eino_arrival_cavern_e, layout_loops_ring
D:2:      layout_rooms, uniq_terence, uniq_crazy_yiuf_cottage
D:3:      kennysheep_six_static_rooms, layout_basic,
          mainiacjoe_overflow_brackets, okawaru_altar_gauntlet_db,
          grunt_ministairs_5
D:4:      layout_rooms, palyth_temple_overflow_mages, serial_glass,
          glass_columns_b, glass_columns_c, nrook_mini_vaults
D:5:      layout_loops_ring, tgw_trog, lemuel_doored_altar,
          minmay_temple_entry_drinking_statues, cheibrodos_sewer_entry_drain
D:6:      layout_rooms, minmay_circle_x, uniq_duvessa
D:7:      layout_cave_pools, nicolae_dithmenos_the_darkroom
D:8:      layout_loops_ring, lightli_temple_of_fire,
          kennysheep_decorative_pillar, uniq_pikel
D:9:      minmay_cornered_nines, layout_loops_corners, minivault_14,
          chequers_garden, small_statue_intersection,
          chequers_serial_rivers_large_a, minmay_misc_feat_square,
          hangedman_abyss_or_decor_clamps, dreamdust_princess_bridge
D:10:     minmay_bloctagon_deflated, layout_basic, fedhas_altar_1
D:11:     layout_roguey, david_lair_shrubbed, serial_shops, shop, uniq_maurice,
          uniq_harold
D:12:     nicolae_moon_pools, layout_loops_ring, orc_0_dummy
D:13:     layout_grid_maze, erik_vaults_2
D:14:     layout_small_grid, hangedman_decor_growths
D:15:     grunt_enter_depths_hoard, layout_loops_ring, minmay_misc_feat_encased,
          small_statue_intersection
Temple:   nicolae_temple_panitentiary
Lair:1:   layout_loops_ring, gammafunk_ghost_split, uniq_amaemon, uniq_gastronok
Lair:2:   layout_roguey, nicolae_shoals_entry_flooding,
          minmay_snake_entry_guardpost_medium
Lair:3:   layout_cave_shapes, gauntlet_entry_generic, grunt_megastairs_5,
          lemuel_fruit_tree, lemuel_fruit_fields
Lair:4:   layout_layer_cave, minmay_slime_entry_jelly_boxes, uniq_kirke
Lair:5:   hangedman_lair_tendril_chambers, layout_regular_city,
          guppyfry_lair_end_dragon
Orc:1:    layout_caves, serial_shops, nicolae_shop_tiny_glass, nooodl_orcs_dogs
Orc:2:    st_orc_elflike, layout_diamond_mine, maelrawn_ghost_gauntlet_escape,
          serial_shops, nicolae_shop_statue_plus, nicolae_shop_waterfront,
          rock_pile, uniq_jorgrun

Skill      XL: |  1  2  3  4  5  6  7  8  9 10 11 12 13 14 |
---------------+-------------------------------------------+-----
Transmutations | 1 2 3 5 6 |  6.0
Stealth        | 2 3 6 |  6.0
Dodging        | 2 3 6 8 |  8.8
Spellcasting   | 2 3 4 6 8 10 11 12 | 12.0
Earth Magic    | 3 4 5 6 8 10 11 12 | 12.0
Conjurations   | 1 2 3 5 6 8 10 11 12 | 12.0
Fighting       | 1 2 3 6 8 |  8.8
Short Blades   | 3 |  3.0
Armour         | 3 6 |  6.0

Action                     |  1- 3 |  4- 6 |  7- 9 | 10-12 | 13-15 || total
---------------------------+-------+-------+-------+-------+-------++-------
  Melee: Unarmed           |    18 |       |       |       |       ||    18
         Dagger            |    32 |     7 |   124 |     6 |       ||   169
         Punch             |     1 |       |     3 |     3 |     3 ||    10
         Short sword       |       |       |       |    85 |   260 ||   345
  Throw: Throwing net      |     1 |       |       |       |     1 ||     2
   Cast: Sandblast         |    60 |   165 |   109 |    64 |     3 ||   401
         Stone Arrow       |     1 |    14 |    78 |   214 |   123 ||   430
         Petrify           |       |       |       |     6 |       ||     6
         Iron Shot         |       |       |       |    79 |   381 ||   460
         Animate Armour    |       |       |       |     1 |       ||     1
         Leda's Liquefacti |       |       |       |       |     3 ||     3
         Lee's Rapid Decon |       |       |       |       |    17 ||    17
  Evoke: Wand              |       |       |       |     3 |     7 ||    10
         Box of beasts     |       |       |       |     1 |     2 ||     3
    Use: Potion            |     1 |     1 |     2 |    11 |     8 ||    23
         Scroll            |       |    13 |     3 |     8 |    13 ||    37
   Stab: Petrified         |       |       |       |    27 |       ||    27
         Petrifying        |       |       |       |     1 |       ||     1
         Invisible         |       |       |       |       |     1 ||     1
         Paralysed         |       |       |       |       |     1 ||     1
 Armour: Robe              |    10 |    25 |    34 |       |       ||    69
         Skin              |    10 |       |       |       |       ||    10
         Ring mail         |       |       |    60 |   160 |   206 ||   426
  Dodge: Dodged            |    37 |    81 |   141 |   158 |   250 ||   667
